 Dungeon Crawl Stone Soup version 0.28-a0-1513-ge4f4046303 (webtiles) character file.

Game seed: 13874986635860176145

7 Lekart the Skirmisher (level 1, -3/19 HPs)
             Began as a Draconian Abyssal Knight on Jan 16, 2022.
             Was an Initiate of Lugonu.
             Slain by a quokka (4 damage)
             ... on level 1 of the Dungeon.
             The game lasted 00:01:35 (316 turns).

Lekart the Skirmisher (Draconian Abyssal Knight)     Turns: 316, Time: 00:01:36

Health: -3/19      AC:  4    Str: 15    XL:     1   Next: 91%
Magic:  2/2        EV: 12    Int: 10    God:    Lugonu [......]
Gold:   9          SH:  0    Dex: 11    Spells: 0/0 levels left

rFire   . . .      SeeInvis .   a - +1 falchion
rCold   . . .      Faith    .   (no shield)
rNeg    . . .      Spirit   .   (armour unavailable)
rPois   .          Reflect  .   (helmet restricted)
rElec   .          Harm     .   (no cloak)
rCorr   .          Rampage  .   (no gloves)
Will    .....                   (no boots)
Stlth   +.........              (no amulet)
HPRegen 0.06/turn               (no ring)
MPRegen 0.08/turn               (no ring)

@: no status effects
A: AC +4, unfitting armour, cold-blooded
a: Renounce Religion


You were on level 1 of the Dungeon.
You worshipped Lugonu.
Lugonu was noncommittal.
You visited 1 branch of the dungeon, and saw 1 of its levels.
You visited the Abyss 1 time.

You collected 9 gold pieces.

Inventory:

Hand Weapons
 a - a +1 falchion (weapon)
Scrolls
 b - a scroll of identify {unknown}


   Skills:
 + Level 3.5 Fighting
 + Level 2.1 Long Blades
 * Level 2.3 Dodging
 * Level 2.1 Invocations


You couldn't memorise any spells.
You didn't know any spells.
Your spell library was empty.

Dungeon Overview and Level Annotations

Branches:
Dungeon (1/15)

Altars:


Innate Abilities, Weirdness & Mutations

Your plain brown scales are hard. (AC +4)
You cannot fit into any form of body armour.
You are cold-blooded and may be slowed by cold attacks.


Message History

The endoplasm freezes you.
You are frozen.
The goblin hits you with a +0 club.
You slash the ball python!
You kill the ball python!
Lugonu accepts your kill. The goblin hits you but does no damage.
The quokka closely misses you. The endoplasm freezes you.
You are frozen.
You feel yourself slow down. The goblin hits you but does no damage.
You are too injured to fight recklessly!
You are too injured to fight recklessly!
The goblin hits you with a +0 dagger.
* * * LOW HITPOINT WARNING * * *
The quokka completely misses you. The quokka completely misses you.
You feel yourself speed up. The quokka barely misses you.
The quokka bites you but does no damage.
You barely miss the quokka.
You tail-slap the quokka, but do no damage.
The quokka bites you.
* * * LOW HITPOINT WARNING * * *
You aren't carrying any potions.
The quokka barely misses you. The goblin closely misses you.
The quokka bites you.
* * * LOW HITPOINT WARNING * * *
The quokka twitches its whiskers.
You slash the goblin!
You kill the goblin!
Lugonu accepts your kill.
You miss the quokka. The quokka barely misses you.
The quokka bites you but does no damage.
You hit the quokka but do no damage. The quokka bites you.
* * * LOW HITPOINT WARNING * * *
You barely miss the quokka.
Your tail-slap misses the quokka.
The quokka barely misses you. The quokka bites you.
* * * LOW HITPOINT WARNING * * *
The quokka bites you.
You die...

..........# ##########
#########.# #.........
#.# #.########
#.#####.##########
######.)..............#
#........#.##########.#
#.####.....# #.# #.#
#.#.############.##
####.# #.#.#
#.@....>....# .....#
#.#.# #r########†.#
###### #.#.# #.# #..#
#########.#.###g# #..#
............g...# #..#
............##### ....
#'....♣.....########
.####
.##................. .
..###....#.#########


You could see a quokka and a goblin.

Vanquished Creatures
  A bat (D:1)
  A goblin (D:1)
  A kobold (D:1)
  2 quokkas (D:1)
  A ball python (D:1)
6 creatures vanquished.

Notes
Turn   | Place    | Note
-------+----------+-------------------------------------------
     0 | Abyss:1  | Lekart the Draconian Abyssal Knight began the quest for the
                  | Orb.
     0 | Abyss:1  | Reached XP level 1. HP: 19/19 MP: 2/2
    37 | Abyss:1  | Noticed a tentacled starspawn
    38 | D:1      | Escaped the Abyss
   316 | D:1      | Slain by a quokka

Illustrated notes

Levels and vault maps discovered:
D:1:      nicolae_arrival_somewhat_less_tricky_arrival, layout_loops_ring

Action                   || total
-------------------------++-------
Melee: Falchion          ||    20
       Tailslap          ||     1
Invok: Depart the Abyss  ||     1
Armor: Skin              ||    10
Dodge: Dodged            ||    22

Table legend: (Time is in decaauts)
 A = Elapsed time spent in this place.
 B = Non-inter-level travel time spent in this place.
 C = Inter-level travel time spent in this place.
 D = Time resting spent in this place.
 E = Time spent auto-exploring this place.
 F = Levels seen in this place.
 G = Mean time per level.
                   A        B        C        D        E       F      G
               +--------+--------+--------+--------+--------+-----+--------+
         Total |    321 |    321 |      0 |      0 |    237 |   2 |  160.5 |
       Dungeon |    283 |    283 |      0 |      0 |    200 |   1 |  283.0 |
         Abyss |     38 |     38 |      0 |      0 |     37 |   1 |   38.0 |
               +--------+--------+--------+--------+--------+-----+--------+

Top non-repeatable levels by time:
     D:1: 283 daAuts
 Abyss:1: 38 daAuts
